EDMONTON vs NASHVILLE

Created - February-11-21 at 15:00

Goals
1 2 3 T
EDMONTON 0 0 1 1
NASHVILLE 0 0 0 0
Shots
1 2 3 T
EDMONTON 12 2 8 22
NASHVILLE 8 7 9 24

1st period

No Goal

Penalties :
Adam Larsson (NSH) for Hooking (Minor) at 0:11, Colin Miller (EDM) for Hooking (Minor) at 2:21, Adam Larsson (NSH) for Hooking (Minor) at 5:49, Devin Shore (NSH) for Hooking (Minor) at 16:07

2nd period

No Goal

Penalties :
Barclay Goodrow (EDM) for Hooking (Minor) at 2:05, Jason Demers (EDM) for Hooking (Minor) at 12:20, David Perron (EDM) for Slashing (Minor) at 16:09

3rd period

1. EDMONTON , Bryan Rust 8 (David Perron 12, Travis Hamonic 14) at 2:22 (PP)

Penalties :
Connor Carrick (NSH) for Holding (Minor) at 1:32, Devin Shore (NSH) for Roughing (Minor) at 14:22, Michael Raffl (EDM) for Slashing (Minor) at 14:22, Colin Miller (EDM) for High sticking (Minor) at 19:08

Goalie Stats

Darcy Kuemper (EDM), 24 saves from 24 shots - (1.000), W, 14-5-2, 60:00 minutes
Joonas Korpisalo (NSH), 21 saves from 22 shots - (0.955), L, 4-3-0, 59:20 minutes

Players Stats for EDMONTON

Player Name              G  A  P  +/- PIM S  H  SB GA TA FO     MP     PP MP  PK MP  
------------------------------------------------------------------------------------
Anze Kopitar             0  0  0   0  0   2  0  0  0  0  18/30  23:11   3:33   5:37 
Barclay Goodrow          0  0  0   0  2   0  2  0  0  0  2/3    13:39   0:00   1:30 
Bryan Rust               1  0  1   0  0   2  2  0  0  0  1/1    13:33   3:14   0:00 
Colin Miller             0  0  0   0  4   0  0  0  0  0  0/0    19:42   3:08   2:14 
Colton Sissons           0  0  0   0  0   1  0  0  0  0  5/6    11:51   0:00   0:00 
Darren Helm              0  0  0   0  0   0  1  0  0  0  0/0     8:38   0:00   0:44 
David Perron             0  1  1   0  2   6  0  1  0  0  0/0    17:57   3:14   2:00 
Derek Forbort            0  0  0   0  0   1  1  0  0  0  0/0    13:41   0:00   0:18 
Jakub Voracek            0  0  0   0  0   4  2  0  0  0  0/0    20:04   3:33   4:53 
Jason Demers             0  0  0   0  2   0  0  1  0  0  0/0    20:45   3:08   3:40 
Josh Archibald           0  0  0   0  0   1  1  0  0  0  0/0     7:54   0:00   0:00 
Justin Holl              0  0  0   0  0   0  0  1  0  0  0/0    18:39   0:00   2:40 
Kyle Palmieri            0  0  0   0  0   2  3  0  0  0  3/4    19:07   3:33   2:50 
Mathieu Perreault        0  0  0   0  0   0  0  0  0  0  0/5     7:54   0:00   0:00 
Matt Roy                 0  0  0   0  0   0  1  1  0  0  0/0    22:35   3:39   4:51 
Michael Raffl            0  0  0   0  2   1  0  1  0  0  1/3    11:50   0:00   0:00 
Travis Hamonic           0  1  1   0  0   1  1  0  0  0  0/0    24:35   3:39   3:51 
Tyler Johnson            0  0  0   0  0   1  1  0  0  0  9/18   13:33   3:14   0:00 

Players Stats for NASHVILLE

Player Name              G  A  P  +/- PIM S  H  SB GA TA FO     MP     PP MP  PK MP  
------------------------------------------------------------------------------------
Adam Larsson             0  0  0   0  4   1  2  2  0  0  0/0    19:28   4:17   1:12 
Alex Chiasson            0  0  0   0  0   0  0  0  0  0  1/1    12:30   0:00   0:00 
Andrew Peeke             0  0  0   0  0   0  1  0  0  0  0/0    13:36   0:00   0:00 
Bobby Ryan               0  0  0   0  0   1  2  0  0  0  0/2    13:14   0:00   0:00 
Brian Dumoulin           0  0  0   0  0   1  0  3  0  0  0/0    21:32   4:30   3:16 
Connor Carrick           0  0  0   0  2   0  2  1  0  0  0/0    15:20   0:00   1:45 
Devin Shore              0  0  0   0  4   2  0  0  0  0  1/5     5:32   0:00   0:00 
J.T. Compher             0  0  0   0  0   2  0  0  0  0  4/11   19:55   5:21   2:41 
Jared McCann             0  0  0   0  0   1  3  0  0  0  0/0    20:57   3:26   3:24 
Jason Dickinson          0  0  0   0  0   5  0  0  0  0  2/2    17:28   5:21   0:22 
Jeremy Lauzon            0  0  0   0  0   1  0  0  0  0  0/0     4:11   0:00   0:34 
Jimmy Vesey              0  0  0   0  0   1  0  0  0  0  1/3    16:44   5:21   0:00 
Josh Leivo               0  0  0   0  0   1  0  0  0  0  0/0     5:34   0:00   0:00 
Morgan Rielly            0  0  0   0  0   2  0  0  0  0  0/0    24:18   4:17   3:31 
Nicolas Hague            0  0  0   0  0   0  4  0  0  0  0/0    21:32   4:30   3:16 
Nolan Patrick            0  0  0   0  0   1  0  0  0  0  5/11   13:19   0:00   0:49 
Paul Byron               0  0  0   0  0   2  2  0  0  0  1/6    19:37   3:26   2:41 
Sean Monahan             0  0  0   0  0   2  0  0  0  0  16/29  20:48   3:26   3:37 
Tage Thompson            0  0  0   0  0   1  1  0  0  0  0/0     5:34   0:00   0:00 

3 Stars

1 - Darcy Kuemper (EDM)
2 - Bryan Rust (EDM)
3 - Joonas Korpisalo (NSH)

Power Play

EDMONTON - 1 on 4 Attempt(s) - 25.00%
NASHVILLE - 0 on 5 Attempt(s) - 0.00%

Penalty Kill

EDMONTON - 5 on 5 Attempt(s) - 100.00% - Score 0 goal in Penalty Kill
NASHVILLE - 3 on 4 Attempt(s) - 75.00% - Score 0 goal in Penalty Kill

Team Stat

EDMONTON - Hits : 15 - Faceoff Wins : 39 - Blocked Shots : 5 - Penalty Minutes : 12
NASHVILLE - Hits : 17 - Faceoff Wins : 31 - Blocked Shots : 6 - Penalty Minutes : 10

Official

Referees : Stephen Hiff and Kelly Sutherland
Linesman : Derek Wahl and Pierre Racicot

Game Notes

No Game Note

Finance

Level 1 -- Attendance: 4828 (80.47%) -- Ticket Income $482,800
Level 2 -- Attendance: 3666 (73.32%) -- Ticket Income $219,960
Level 3 -- Attendance: 1879 (93.95%) -- Ticket Income $65,765
Level 4 -- Attendance: 2383 (59.58%) -- Ticket Income $59,575
Luxury Box -- Attendance: 683 (68.30%) -- Ticket Income $136,600
Game was played at the Bridgestone Arena.
Total Attendance: 13439 (74.66%)
Total Ticket Income: $964,700
Total Income: $964,700

EDMONTON

5 vs 5 Forward 
   Center                   Left Wing                Right Wing               Time % Phy DF OF 
 1 Anze Kopitar             David Perron             Kyle Palmieri            35     1   2  2  
 2 Tyler Johnson            Bryan Rust               Jakub Voracek            30     1   2  2  
 3 Colton Sissons           Michael Raffl            Barclay Goodrow          23     1   2  2  
 4 Mathieu Perreault        Darren Helm              Josh Archibald           12     1   2  2  

5 vs 5 Defense 
   Defense                  Defense                                           Time % Phy DF OF 
 1 Travis Hamonic           Justin Holl                                       33     1   2  2  
 2 Matt Roy                 Jason Demers                                      32     1   2  2  
 3 Colin Miller             Derek Forbort                                     25     1   2  2  
 4 Travis Hamonic           Justin Holl                                       10     1   2  2  

PowerPlay Forward 
   Center                   Left Wing                Right Wing               Time % Phy DF OF 
 1 Anze Kopitar             Jakub Voracek            Kyle Palmieri            60     1   2  2  
 2 Tyler Johnson            David Perron             Bryan Rust               40     1   2  2  

PowerPlay Defense
   Defense                  Defense                                           Time % Phy DF OF 
 1 Travis Hamonic           Matt Roy                                          60     1   2  2  
 2 Jason Demers             Colin Miller                                      40     1   2  2  

Penalty Kill 4 Players Forward 
   Center                   Wing                     Time % Phy DF OF 
 1 Anze Kopitar             Jakub Voracek            60     1   2  2  
 2 Kyle Palmieri            David Perron             40     1   2  2  

Penalty Kill 4 Players Defense
   Defense                  Defense                  Time % Phy DF OF 
 1 Travis Hamonic           Matt Roy                 60     1   2  2  
 2 Colin Miller             Jason Demers             40     1   2  2  

Penalty Kill - 3 Players Forward 
   Forward                                           Time % Phy DF OF 
 1 Anze Kopitar                                      60     1   2  2  
 2 Jakub Voracek                                     40     1   2  2  

Penalty Kill - 3 Players Defense
   Defense                  Defense                  Time % Phy DF OF 
 1 Travis Hamonic           Justin Holl              60     1   2  2  
 2 Matt Roy                 Jason Demers             40     1   2  2  

4 vs 4 Forward 
   Center                   Wing                     Time % Phy DF OF 
 1 Anze Kopitar             Jakub Voracek            60     1   2  2  
 2 Kyle Palmieri            David Perron             40     1   2  2  

4 vs 4 Defense
   Defense                  Defense                  Time % Phy DF OF 
 1 Travis Hamonic           Matt Roy                 60     1   2  2  
 2 Colin Miller             Jason Demers             40     1   2  2  

Last Minutes Offensive
   Center                   Left Wing                Right Wing               Defense                  Defense                  
   Anze Kopitar             Jakub Voracek            Kyle Palmieri            Travis Hamonic           Justin Holl              

Last Minutes Defensive
   Center                   Left Wing                Right Wing               Defense                  Defense                  
   Anze Kopitar             Jakub Voracek            Kyle Palmieri            Travis Hamonic           Justin Holl              

Goaltenders
Starting : Darcy Kuemper            
Backup : Aaron Dell               

Extra Forwards
Normal : Barclay Goodrow, Colton Sissons, Josh Archibald - PP : Barclay Goodrow, Colton Sissons - PK : Barclay Goodrow
Extra Defensemen
Normal : Derek Forbort, Colin Miller, Justin Holl - PP : Justin Holl - PK : Justin Holl, Colin Miller
Penalty Shots
Anze Kopitar, Jakub Voracek, Kyle Palmieri, David Perron, Tyler Johnson

Scratches
EDM Cap Hit (Suspend)

NASHVILLE

5 vs 5 Forward 
   Center                   Left Wing                Right Wing               Time % Phy DF OF 
 1 Sean Monahan             Paul Byron               Jared McCann             35     1   2  2  
 2 J.T. Compher             Jason Dickinson          Jimmy Vesey              30     1   2  2  
 3 Nolan Patrick            Alex Chiasson            Bobby Ryan               25     1   2  2  
 4 Devin Shore              Josh Leivo               Tage Thompson            10     1   2  2  

5 vs 5 Defense 
   Defense                  Defense                                           Time % Phy DF OF 
 1 Morgan Rielly            Adam Larsson                                      35     1   2  2  
 2 Brian Dumoulin           Nicolas Hague                                     30     1   2  2  
 3 Andrew Peeke             Connor Carrick                                    25     1   2  2  
 4 Jeremy Lauzon            Morgan Rielly                                     10     1   2  2  

PowerPlay Forward 
   Center                   Left Wing                Right Wing               Time % Phy DF OF 
 1 Sean Monahan             Paul Byron               Jared McCann             60     1   2  2  
 2 J.T. Compher             Jason Dickinson          Jimmy Vesey              40     1   2  2  

PowerPlay Defense
   Defense                  Defense                                           Time % Phy DF OF 
 1 Morgan Rielly            Adam Larsson                                      60     1   2  2  
 2 Brian Dumoulin           Nicolas Hague                                     40     1   2  2  

Penalty Kill 4 Players Forward 
   Center                   Wing                     Time % Phy DF OF 
 1 Sean Monahan             Jared McCann             60     1   2  2  
 2 Paul Byron               J.T. Compher             40     1   2  2  

Penalty Kill 4 Players Defense
   Defense                  Defense                  Time % Phy DF OF 
 1 Morgan Rielly            Adam Larsson             60     1   2  2  
 2 Brian Dumoulin           Nicolas Hague            40     1   2  2  

Penalty Kill - 3 Players Forward 
   Forward                                           Time % Phy DF OF 
 1 Sean Monahan                                      60     1   2  2  
 2 Jared McCann                                      40     1   2  2  

Penalty Kill - 3 Players Defense
   Defense                  Defense                  Time % Phy DF OF 
 1 Morgan Rielly            Adam Larsson             60     1   2  2  
 2 Brian Dumoulin           Nicolas Hague            40     1   2  2  

4 vs 4 Forward 
   Center                   Wing                     Time % Phy DF OF 
 1 Sean Monahan             Jared McCann             60     1   2  2  
 2 Paul Byron               J.T. Compher             40     1   2  2  

4 vs 4 Defense
   Defense                  Defense                  Time % Phy DF OF 
 1 Morgan Rielly            Adam Larsson             60     1   2  2  
 2 Brian Dumoulin           Nicolas Hague            40     1   2  2  

Last Minutes Offensive
   Center                   Left Wing                Right Wing               Defense                  Defense                  
   Sean Monahan             Paul Byron               Jared McCann             Morgan Rielly            Adam Larsson             

Last Minutes Defensive
   Center                   Left Wing                Right Wing               Defense                  Defense                  
   Sean Monahan             Paul Byron               Jared McCann             Morgan Rielly            Adam Larsson             

Goaltenders
Starting : Joonas Korpisalo         
Backup : Devan Dubnyk             

Extra Forwards
Normal : Bobby Ryan, Alex Chiasson, Nolan Patrick - PP : Bobby Ryan, Alex Chiasson - PK : Nolan Patrick
Extra Defensemen
Normal : Andrew Peeke, Connor Carrick, Jeremy Lauzon - PP : Andrew Peeke - PK : Connor Carrick, Jeremy Lauzon
Penalty Shots
Sean Monahan, Jared McCann, Paul Byron, J.T. Compher, Jason Dickinson

Scratches
Alexander Barabanov (Healthy), Alex Petrovic (Healthy), Henrik Lundqvist (Healthy), NSH Cap Hit (Suspend)

% Time on Ice - EDMONTON

Lines # - Real PCT - Wanted PCT - Time Play
Normal Forward
1 - 29% - 35% - 12:23
2 - 24% - 30% - 10:19
3 - 28% - 23% - 11:51
4 - 19% - 12% - 7:54
Normal Defense
1 - 35% - 33% - 14:41
2 - 29% - 32% - 12:25
3 - 33% - 25% - 14:03
4 - 3% - 10% - 1:18
PP Forward
1 - 52% - 60% - 3:33
2 - 48% - 40% - 3:14
PP Defense
1 - 54% - 60% - 3:39
2 - 46% - 40% - 3:08
PK Forward
1 - 68% - 60% - 5:57
2 - 32% - 40% - 2:50
PK Defense
1 - 39% - 60% - 3:27
2 - 61% - 40% - 5:20
PK3 Forward
1 - 0% - 60%
2 - 0% - 40%
PK3 Defense
1 - 0% - 60%
2 - 0% - 40%
44 Forward
1 - 82% - 60% - 1:38
2 - 18% - 40% - 0:21
44 Defense
1 - 55% - 60% - 1:06
2 - 45% - 40% - 0:53
Last Minute Offensive  - 0:00
Last Minute Defensive  - 0:00
Total
Forward - 60:00
Defense - 60:00

% Time on Ice - NASHVILLE

Lines # - Real PCT - Wanted PCT - Time Play
Normal Forward
1 - 31% - 35% - 13:00
2 - 27% - 30% - 11:23
3 - 29% - 25% - 12:30
4 - 13% - 10% - 5:34
Normal Defense
1 - 30% - 35% - 12:54
2 - 30% - 30% - 12:54
3 - 32% - 25% - 13:36
4 - 7% - 10% - 3:03
PP Forward
1 - 39% - 60% - 3:26
2 - 61% - 40% - 5:21
PP Defense
1 - 49% - 60% - 4:17
2 - 51% - 40% - 4:30
PK Forward
1 - 60% - 60% - 4:06
2 - 40% - 40% - 2:41
PK Defense
1 - 52% - 60% - 3:31
2 - 48% - 40% - 3:16
PK3 Forward
1 - 0% - 60%
2 - 0% - 40%
PK3 Defense
1 - 0% - 60%
2 - 0% - 40%
44 Forward
1 - 75% - 60% - 1:29
2 - 25% - 40% - 0:30
44 Defense
1 - 56% - 60% - 1:07
2 - 44% - 40% - 0:52
Last Minute Offensive  - 0:00
Last Minute Defensive  - 0:00
Total
Forward - 60:00
Defense - 60:00

Play-by-Play

1st period


0:01 of 1st period - Anze Kopitar wins face-off versus Sean Monahan in neutral zone.
0:11 of 1st period - Minor Penalty to Adam Larsson for Hooking.
0:12 of 1st period - Anze Kopitar wins face-off versus Sean Monahan in NASHVILLE zone.
0:35 of 1st period - Shot by Anze Kopitar.
0:35 of 1st period - Stopped by Joonas Korpisalo without a rebound.
0:36 of 1st period - Tyler Johnson wins face-off versus Paul Byron in NASHVILLE zone.
0:36 of 1st period - Tyler Johnson is hit by Nicolas Hague.
1:38 of 1st period - Shot by Travis Hamonic.
1:38 of 1st period - Stopped by Joonas Korpisalo without a rebound.
1:39 of 1st period - Sean Monahan wins face-off versus Anze Kopitar in NASHVILLE zone.
2:08 of 1st period - Shot by Kyle Palmieri.
2:08 of 1st period - Shot Blocked by Connor Carrick.
2:21 of 1st period - Minor Penalty to Colin Miller for Hooking.
2:22 of 1st period - Anze Kopitar wins face-off versus J.T. Compher in EDMONTON zone.
2:39 of 1st period - Shot by J.T. Compher.
2:39 of 1st period - Stopped by Darcy Kuemper without a rebound.
2:40 of 1st period - Sean Monahan wins face-off versus Anze Kopitar in EDMONTON zone.
3:18 of 1st period - Shot by Jared McCann.
3:18 of 1st period - Shot Misses the Net.
3:34 of 1st period - Shot by Brian Dumoulin.
3:34 of 1st period - Stopped by Darcy Kuemper with a rebound.
3:36 of 1st period - Shot by Jason Dickinson.
3:36 of 1st period - Stopped by Darcy Kuemper with a rebound.
3:42 of 1st period - Shot by Brian Dumoulin.
3:42 of 1st period - Shot Blocked by David Perron.
4:03 of 1st period - Icing by Nicolas Hague.
4:04 of 1st period - Barclay Goodrow wins face-off versus Jimmy Vesey in NASHVILLE zone.
4:04 of 1st period - Barclay Goodrow is hit by Nicolas Hague.
4:51 of 1st period - Colton Sissons is hit by Connor Carrick and loses puck.
5:09 of 1st period - Josh Archibald is hit by Andrew Peeke and loses puck.
5:14 of 1st period - Shot by Josh Archibald.
5:14 of 1st period - Stopped by Joonas Korpisalo without a rebound.
5:15 of 1st period - Anze Kopitar wins face-off versus Sean Monahan in NASHVILLE zone.
5:18 of 1st period - Shot by David Perron.
5:18 of 1st period - Stopped by Joonas Korpisalo with a rebound.
5:34 of 1st period - Shot by David Perron.
5:34 of 1st period - Stopped by Joonas Korpisalo with a rebound.
5:49 of 1st period - Minor Penalty to Adam Larsson for Hooking.
5:50 of 1st period - Tyler Johnson wins face-off versus Sean Monahan in NASHVILLE zone.
6:46 of 1st period - Shot by Travis Hamonic.
6:46 of 1st period - Shot Blocked by Brian Dumoulin.
6:50 of 1st period - Shot by Travis Hamonic.
6:50 of 1st period - Shot Blocked by Brian Dumoulin.
6:52 of 1st period - Shot by Travis Hamonic.
6:52 of 1st period - Shot Misses the Net.
6:54 of 1st period - Shot by Travis Hamonic.
6:54 of 1st period - Shot Misses the Net.
6:56 of 1st period - Shot by Kyle Palmieri.
6:56 of 1st period - Stopped by Joonas Korpisalo with a rebound.
6:58 of 1st period - Shot by Jakub Voracek.
6:58 of 1st period - Stopped by Joonas Korpisalo without a rebound.
6:59 of 1st period - Anze Kopitar wins face-off versus Paul Byron in NASHVILLE zone.
7:11 of 1st period - Shot by Jakub Voracek.
7:11 of 1st period - Stopped by Joonas Korpisalo without a rebound.
7:12 of 1st period - Tyler Johnson wins face-off versus Paul Byron in NASHVILLE zone.
8:04 of 1st period - Icing by Nicolas Hague.
8:05 of 1st period - Barclay Goodrow wins face-off versus Nolan Patrick in NASHVILLE zone.
8:07 of 1st period - Colton Sissons is hit by Nicolas Hague and loses puck.
9:11 of 1st period - Jimmy Vesey is hit by Josh Archibald and loses puck.
10:13 of 1st period - Justin Holl is hit by Paul Byron.
10:33 of 1st period - Shot by Josh Leivo.
10:33 of 1st period - Stopped by Darcy Kuemper without a rebound.
10:34 of 1st period - Anze Kopitar wins face-off versus Devin Shore in EDMONTON zone.
10:36 of 1st period - Icing by Kyle Palmieri.
10:37 of 1st period - Anze Kopitar wins face-off versus Devin Shore in EDMONTON zone.
10:37 of 1st period - Anze Kopitar is hit by Tage Thompson.
11:11 of 1st period - Shot by Tage Thompson.
11:11 of 1st period - Stopped by Darcy Kuemper without a rebound.
11:12 of 1st period - Nolan Patrick wins face-off versus Michael Raffl in EDMONTON zone.
12:07 of 1st period - Icing by Travis Hamonic.
12:08 of 1st period - Sean Monahan wins face-off versus Mathieu Perreault in EDMONTON zone.
12:29 of 1st period - Shot by Sean Monahan.
12:29 of 1st period - Stopped by Darcy Kuemper without a rebound.
12:30 of 1st period - J.T. Compher wins face-off versus Anze Kopitar in EDMONTON zone.
12:49 of 1st period - Shot by Jason Dickinson.
12:49 of 1st period - Shot Misses the Net.
13:05 of 1st period - Shot by Jason Dickinson.
13:05 of 1st period - Stopped by Darcy Kuemper without a rebound.
13:06 of 1st period - Sean Monahan wins face-off versus Tyler Johnson in EDMONTON zone.
13:17 of 1st period - Shot by Bryan Rust.
13:17 of 1st period - Shot Misses the Net.
13:20 of 1st period - Icing by Morgan Rielly.
13:21 of 1st period - Colton Sissons wins face-off versus Paul Byron in NASHVILLE zone.
14:51 of 1st period - Off-side.
14:52 of 1st period - Anze Kopitar wins face-off versus Nolan Patrick in neutral zone.
15:16 of 1st period - Shot by Anze Kopitar.
15:16 of 1st period - Stopped by Joonas Korpisalo without a rebound.
15:17 of 1st period - Sean Monahan wins face-off versus Mathieu Perreault in NASHVILLE zone.
15:34 of 1st period - Shot by Jared McCann.
15:34 of 1st period - Shot Misses the Net.
15:56 of 1st period - Shot by Sean Monahan.
15:56 of 1st period - Deflect By Jared McCann.
15:56 of 1st period - Shot Misses the Net.
16:07 of 1st period - Minor Penalty to Devin Shore for Hooking.
16:08 of 1st period - Kyle Palmieri wins face-off versus Sean Monahan in NASHVILLE zone.
16:44 of 1st period - Shot by Kyle Palmieri.
16:44 of 1st period - Shot Misses the Net.
17:00 of 1st period - Shot by David Perron.
17:00 of 1st period - Stopped by Joonas Korpisalo without a rebound.
17:01 of 1st period - Nolan Patrick wins face-off versus Tyler Johnson in NASHVILLE zone.
17:28 of 1st period - Shot by David Perron.
17:28 of 1st period - Stopped by Joonas Korpisalo without a rebound.
17:29 of 1st period - Jason Dickinson wins face-off versus Anze Kopitar in NASHVILLE zone.
17:45 of 1st period - Shot by Jakub Voracek.
17:45 of 1st period - Shot Blocked by Adam Larsson.
17:47 of 1st period - Shot by Anze Kopitar.
17:47 of 1st period - Deflect By Kyle Palmieri.
17:47 of 1st period - Stopped by Joonas Korpisalo without a rebound.
17:48 of 1st period - Tyler Johnson wins face-off versus Sean Monahan in NASHVILLE zone.
19:13 of 1st period - Shot by Bobby Ryan.
19:13 of 1st period - Shot Hit the Post.
19:15 of 1st period - Shot by Bobby Ryan.
19:15 of 1st period - Shot Misses the Net.
19:19 of 1st period - Shot by Alex Chiasson.
19:19 of 1st period - Shot Misses the Net.
19:21 of 1st period - Shot by Jeremy Lauzon.
19:21 of 1st period - Stopped by Darcy Kuemper without a rebound.
19:22 of 1st period - Anze Kopitar wins face-off versus Devin Shore in EDMONTON zone.
Goals for this period are 0 for EDMONTON vs 0 for NASHVILLE.
Shots for this period are 12 for EDMONTON vs 8 for NASHVILLE.

2nd period


0:01 of 2nd period - Sean Monahan wins face-off versus Tyler Johnson in neutral zone.
0:01 of 2nd period - Morgan Rielly is hit by Jakub Voracek and loses puck.
0:24 of 2nd period - Shot by Bryan Rust.
0:24 of 2nd period - Stopped by Joonas Korpisalo without a rebound.
0:25 of 2nd period - Anze Kopitar wins face-off versus J.T. Compher in NASHVILLE zone.
1:13 of 2nd period - Kyle Palmieri is hit by Adam Larsson and loses puck.
1:17 of 2nd period - Icing by Jared McCann.
1:18 of 2nd period - Sean Monahan wins face-off versus Tyler Johnson in NASHVILLE zone.
1:42 of 2nd period - Icing by Jason Demers.
1:43 of 2nd period - Tyler Johnson wins face-off versus Bobby Ryan in EDMONTON zone.
1:52 of 2nd period - Shot by Nolan Patrick.
1:52 of 2nd period - Shot Blocked by Jason Demers.
1:54 of 2nd period - Shot by Nolan Patrick.
1:54 of 2nd period - Stopped by Darcy Kuemper without a rebound.
1:55 of 2nd period - J.T. Compher wins face-off versus Barclay Goodrow in EDMONTON zone.
1:55 of 2nd period - J.T. Compher is hit by Derek Forbort.
2:05 of 2nd period - Minor Penalty to Barclay Goodrow for Hooking.
2:06 of 2nd period - Sean Monahan wins face-off versus Anze Kopitar in EDMONTON zone.
2:16 of 2nd period - Shot by Adam Larsson.
2:16 of 2nd period - Shot Blocked by Matt Roy.
2:36 of 2nd period - Shot by Adam Larsson.
2:36 of 2nd period - Shot Misses the Net.
2:38 of 2nd period - Shot by Morgan Rielly.
2:38 of 2nd period - Shot Misses the Net.
2:40 of 2nd period - Shot by Morgan Rielly.
2:40 of 2nd period - Shot Misses the Net.
2:42 of 2nd period - Shot by Morgan Rielly.
2:42 of 2nd period - Stopped by Darcy Kuemper with a rebound.
2:44 of 2nd period - Shot by Adam Larsson.
2:44 of 2nd period - Shot Misses the Net.
3:11 of 2nd period - Shot by Brian Dumoulin.
3:11 of 2nd period - Shot Misses the Net.
3:28 of 2nd period - Shot by J.T. Compher.
3:28 of 2nd period - Deflect By Jimmy Vesey.
3:28 of 2nd period - Shot Misses the Net.
3:48 of 2nd period - Travis Hamonic is hit by Jared McCann.
3:58 of 2nd period - Shot by Sean Monahan.
3:58 of 2nd period - Shot Misses the Net.
4:04 of 2nd period - Shot by Sean Monahan.
4:04 of 2nd period - Deflect By Jared McCann.
4:04 of 2nd period - Shot Misses the Net.
5:49 of 2nd period - Jason Dickinson is hit by Kyle Palmieri and loses puck.
8:39 of 2nd period - Alex Chiasson is hit by Barclay Goodrow and loses puck.
8:57 of 2nd period - Shot by Colton Sissons.
8:57 of 2nd period - Shot Blocked by Brian Dumoulin.
8:59 of 2nd period - Shot by Michael Raffl.
8:59 of 2nd period - Shot Misses the Net.
9:01 of 2nd period - Shot by Derek Forbort.
9:01 of 2nd period - Shot Misses the Net.
9:37 of 2nd period - Shot by Josh Leivo.
9:37 of 2nd period - Shot Misses the Net.
9:39 of 2nd period - Shot by Josh Leivo.
9:39 of 2nd period - Deflect By Devin Shore.
9:39 of 2nd period - Stopped by Darcy Kuemper without a rebound.
9:40 of 2nd period - Tyler Johnson wins face-off versus Paul Byron in EDMONTON zone.
10:41 of 2nd period - Shot by Josh Leivo.
10:41 of 2nd period - Shot Misses the Net.
11:20 of 2nd period - Icing by Travis Hamonic.
11:21 of 2nd period - Colton Sissons wins face-off versus J.T. Compher in EDMONTON zone.
12:00 of 2nd period - Paul Byron is hit by Bryan Rust and loses puck.
12:06 of 2nd period - Tyler Johnson is hit by Connor Carrick and loses puck.
12:11 of 2nd period - Shot by Tyler Johnson.
12:11 of 2nd period - Stopped by Joonas Korpisalo without a rebound.
12:12 of 2nd period - Devin Shore wins face-off versus Anze Kopitar in NASHVILLE zone.
12:12 of 2nd period - Brian Dumoulin is hit by Kyle Palmieri and loses puck.
12:20 of 2nd period - Minor Penalty to Jason Demers for Hooking.
12:21 of 2nd period - Anze Kopitar wins face-off versus Sean Monahan in EDMONTON zone.
12:21 of 2nd period - Anze Kopitar is hit by Paul Byron.
13:25 of 2nd period - Shot by J.T. Compher.
13:25 of 2nd period - Shot Misses the Net.
13:27 of 2nd period - Shot by Brian Dumoulin.
13:27 of 2nd period - Shot Misses the Net.
13:29 of 2nd period - Shot by Jimmy Vesey.
13:29 of 2nd period - Deflect By Jason Dickinson.
13:29 of 2nd period - Stopped by Darcy Kuemper without a rebound.
13:30 of 2nd period - Kyle Palmieri wins face-off versus Jimmy Vesey in EDMONTON zone.
14:19 of 2nd period - Shot by Paul Byron.
14:19 of 2nd period - Stopped by Darcy Kuemper without a rebound.
14:20 of 2nd period - Nolan Patrick wins face-off versus Mathieu Perreault in EDMONTON zone.
15:06 of 2nd period - Off-side.
15:07 of 2nd period - Tyler Johnson wins face-off versus Sean Monahan in neutral zone.
15:29 of 2nd period - Sean Monahan is hit by Tyler Johnson and loses puck.
15:45 of 2nd period - Shot by Paul Byron.
15:45 of 2nd period - Shot Misses the Net.
16:09 of 2nd period - Minor Penalty to David Perron for Slashing.
16:10 of 2nd period - Anze Kopitar wins face-off versus J.T. Compher in EDMONTON zone.
17:51 of 2nd period - Shot by Jared McCann.
17:51 of 2nd period - Stopped by Darcy Kuemper without a rebound.
17:52 of 2nd period - Sean Monahan wins face-off versus Kyle Palmieri in EDMONTON zone.
17:55 of 2nd period - Shot by Paul Byron.
17:55 of 2nd period - Stopped by Darcy Kuemper without a rebound.
17:56 of 2nd period - Kyle Palmieri wins face-off versus Sean Monahan in EDMONTON zone.
18:22 of 2nd period - Bobby Ryan is hit by Travis Hamonic and loses puck.
19:57 of 2nd period - Icing by Matt Roy.
19:58 of 2nd period - Anze Kopitar wins face-off versus Sean Monahan in EDMONTON zone.
19:58 of 2nd period - Anze Kopitar is hit by Jared McCann.
Goals for this period are 0 for EDMONTON vs 0 for NASHVILLE.
Shots for this period are 2 for EDMONTON vs 7 for NASHVILLE.

3rd period


0:01 of 3rd period - Anze Kopitar wins face-off versus Sean Monahan in neutral zone.
0:18 of 3rd period - Shot by Paul Byron.
0:18 of 3rd period - Shot Misses the Net.
0:58 of 3rd period - Icing by Jason Dickinson.
0:59 of 3rd period - Bryan Rust wins face-off versus J.T. Compher in NASHVILLE zone.
1:06 of 3rd period - Shot by Tyler Johnson.
1:06 of 3rd period - Shot Misses the Net.
1:21 of 3rd period - Icing by Bryan Rust.
1:22 of 3rd period - Nolan Patrick wins face-off versus Tyler Johnson in EDMONTON zone.
1:32 of 3rd period - Minor Penalty to Connor Carrick for Holding.
1:33 of 3rd period - Sean Monahan wins face-off versus Anze Kopitar in NASHVILLE zone.
2:22 of 3rd period - Shot by David Perron.
2:22 of 3rd period - Deflect By Bryan Rust.
2:22 of 3rd period - The goal is going for a video replay.
2:22 of 3rd period - The goal is good.
2:22 of 3rd period - Goal by Bryan Rust - EDMONTON : 1 - NASHVILLE : 0.
2:23 of 3rd period - Colton Sissons wins face-off versus Nolan Patrick in neutral zone.
2:23 of 3rd period - Colton Sissons is hit by Bobby Ryan.
2:41 of 3rd period - Shot by Adam Larsson.
2:41 of 3rd period - Shot Blocked by Justin Holl.
2:43 of 3rd period - Shot by Morgan Rielly.
2:43 of 3rd period - Stopped by Darcy Kuemper without a rebound.
2:44 of 3rd period - J.T. Compher wins face-off versus Mathieu Perreault in EDMONTON zone.
3:08 of 3rd period - Brian Dumoulin is hit by Darren Helm and loses puck.
3:43 of 3rd period - Shot by Kyle Palmieri.
3:43 of 3rd period - Shot Misses the Net.
3:45 of 3rd period - Shot by Jason Demers.
3:45 of 3rd period - Shot Misses the Net.
4:10 of 3rd period - Shot by Anze Kopitar.
4:10 of 3rd period - Shot Blocked by Adam Larsson.
4:12 of 3rd period - Shot by David Perron.
4:12 of 3rd period - Stopped by Joonas Korpisalo without a rebound.
4:13 of 3rd period - Tyler Johnson wins face-off versus Nolan Patrick in NASHVILLE zone.
4:28 of 3rd period - Alex Chiasson is hit by Jakub Voracek and loses puck.
4:37 of 3rd period - Shot by Jakub Voracek.
4:37 of 3rd period - Stopped by Joonas Korpisalo with a rebound.
4:39 of 3rd period - Shot by Justin Holl.
4:39 of 3rd period - Shot Misses the Net.
4:41 of 3rd period - Shot by Tyler Johnson.
4:41 of 3rd period - Shot Misses the Net.
5:13 of 3rd period - Shot by Jason Dickinson.
5:13 of 3rd period - Stopped by Darcy Kuemper with a rebound.
5:56 of 3rd period - Shot by David Perron.
5:56 of 3rd period - Stopped by Joonas Korpisalo with a rebound.
6:17 of 3rd period - Icing by Paul Byron.
6:18 of 3rd period - Colton Sissons wins face-off versus Sean Monahan in NASHVILLE zone.
6:23 of 3rd period - Shot by Colton Sissons.
6:23 of 3rd period - Stopped by Joonas Korpisalo without a rebound.
6:24 of 3rd period - Colton Sissons wins face-off versus Devin Shore in NASHVILLE zone.
6:26 of 3rd period - Barclay Goodrow is hit by Adam Larsson and loses puck.
6:29 of 3rd period - Shot by Michael Raffl.
6:29 of 3rd period - Stopped by Joonas Korpisalo with a rebound.
7:10 of 3rd period - Icing by Colin Miller.
7:11 of 3rd period - Sean Monahan wins face-off versus Colton Sissons in EDMONTON zone.
7:48 of 3rd period - Icing by Connor Carrick.
7:49 of 3rd period - Sean Monahan wins face-off versus Tyler Johnson in NASHVILLE zone.
8:09 of 3rd period - Icing by Justin Holl.
8:10 of 3rd period - Jason Dickinson wins face-off versus Tyler Johnson in EDMONTON zone.
8:37 of 3rd period - Shot by J.T. Compher.
8:37 of 3rd period - Stopped by Darcy Kuemper without a rebound.
8:38 of 3rd period - Anze Kopitar wins face-off versus Nolan Patrick in EDMONTON zone.
8:38 of 3rd period - David Perron is hit by Bobby Ryan and loses puck.
9:20 of 3rd period - Off-side.
9:21 of 3rd period - Sean Monahan wins face-off versus Michael Raffl in neutral zone.
9:28 of 3rd period - Shot by Sean Monahan.
9:28 of 3rd period - Shot Blocked by Michael Raffl.
9:48 of 3rd period - Shot by Barclay Goodrow.
9:48 of 3rd period - Shot Misses the Net.
9:50 of 3rd period - Shot by Barclay Goodrow.
9:50 of 3rd period - Shot Misses the Net.
10:05 of 3rd period - Icing by Morgan Rielly.
10:06 of 3rd period - Sean Monahan wins face-off versus Tyler Johnson in NASHVILLE zone.
11:21 of 3rd period - Morgan Rielly is hit by Kyle Palmieri.
12:21 of 3rd period - Off-side.
12:22 of 3rd period - Nolan Patrick wins face-off versus Tyler Johnson in neutral zone.
12:22 of 3rd period - Nolan Patrick is hit by Bryan Rust.
12:28 of 3rd period - Icing by Justin Holl.
12:29 of 3rd period - Tyler Johnson wins face-off versus Nolan Patrick in EDMONTON zone.
13:02 of 3rd period - Shot by Jakub Voracek.
13:02 of 3rd period - Shot Misses the Net.
13:33 of 3rd period - Nolan Patrick is hit by Barclay Goodrow and loses puck.
14:15 of 3rd period - Shot by Devin Shore.
14:15 of 3rd period - Stopped by Darcy Kuemper with a rebound.
14:22 of 3rd period - Minor Penalty to Devin Shore for Roughing.
14:22 of 3rd period - Minor Penalty to Michael Raffl for Slashing.
14:23 of 3rd period - Sean Monahan wins face-off versus Anze Kopitar in neutral zone.
14:23 of 3rd period - Sean Monahan is hit by Matt Roy.
14:45 of 3rd period - Shot by Sean Monahan.
14:45 of 3rd period - Stopped by Darcy Kuemper without a rebound.
14:46 of 3rd period - Sean Monahan wins face-off versus Anze Kopitar in EDMONTON zone.
15:07 of 3rd period - Shot by Jason Dickinson.
15:07 of 3rd period - Stopped by Darcy Kuemper without a rebound.
15:08 of 3rd period - Anze Kopitar wins face-off versus Bobby Ryan in EDMONTON zone.
15:58 of 3rd period - Travis Hamonic is hit by Nicolas Hague and loses puck.
16:02 of 3rd period - Icing by Nicolas Hague.
16:03 of 3rd period - Paul Byron wins face-off versus Anze Kopitar in NASHVILLE zone.
16:46 of 3rd period - Shot by Travis Hamonic.
16:46 of 3rd period - Shot Misses the Net.
16:48 of 3rd period - Shot by Josh Archibald.
16:48 of 3rd period - Shot Misses the Net.
17:45 of 3rd period - Icing by Justin Holl.
17:46 of 3rd period - Alex Chiasson wins face-off versus Mathieu Perreault in EDMONTON zone.
17:51 of 3rd period - Shot by Bobby Ryan.
17:51 of 3rd period - Stopped by Darcy Kuemper without a rebound.
17:52 of 3rd period - Anze Kopitar wins face-off versus Sean Monahan in EDMONTON zone.
18:09 of 3rd period - Matt Roy is hit by Jared McCann and loses puck.
18:49 of 3rd period - Shot by Bryan Rust.
18:49 of 3rd period - Deflect By Jakub Voracek.
18:49 of 3rd period - Stopped by Joonas Korpisalo with a rebound.
18:51 of 3rd period - Shot by Derek Forbort.
18:51 of 3rd period - Stopped by Joonas Korpisalo without a rebound.
18:52 of 3rd period - Michael Raffl wins face-off versus J.T. Compher in NASHVILLE zone.
19:08 of 3rd period - Minor Penalty to Colin Miller for High sticking.
19:09 of 3rd period - Anze Kopitar wins face-off versus J.T. Compher in EDMONTON zone.
19:20 of 3rd period - NASHVILLE, Joonas Korpisalo is pulled from the net.
19:20 of 3rd period - Shot by Adam Larsson.
19:20 of 3rd period - Stopped by Darcy Kuemper without a rebound.
19:21 of 3rd period - J.T. Compher wins face-off versus Anze Kopitar in EDMONTON zone.
19:22 of 3rd period - Shot by Jimmy Vesey.
19:22 of 3rd period - Stopped by Darcy Kuemper without a rebound.
19:23 of 3rd period - Jimmy Vesey wins face-off versus Anze Kopitar in EDMONTON zone.
Goals for this period are 1 for EDMONTON vs 0 for NASHVILLE.
Shots for this period are 8 for EDMONTON vs 9 for NASHVILLE.